 Dungeon Crawl Stone Soup version 0.25-a0-558-g78a2afb0af (webtiles) character file.

Game seed: 8072659080074902662, levelgen mode: deterministic

360 Folque011 the Conjurer (level 6, -1/45 HPs)
             Began as a Demigod Conjurer on Feb 23, 2020.
             Slain by a rat (2 damage)
             ... on level 3 of the Dungeon on Feb 24, 2020.
             The game lasted 00:10:13 (1893 turns).

Folque011 the Conjurer (Demigod Conjurer)           Turns: 1893, Time: 00:10:13

Health: -1/45      AC:  3    Str: 11    XL:     6   Next: 15%
Magic:  1/13       EV: 12    Int: 23    God:
Gold:   78         SH:  0    Dex: 16    Spells: 1/11 levels left

rFire    . . .     SeeInvis .   k - +0 long sword
rCold    . . .     Gourm    .   (no shield)
rNeg     . . .     Faith    .   a - +1 robe
rPois    .         Spirit   .   (no helmet)
rElec    .         Reflect  .   (no cloak)
rCorr    .         Harm     .   (no gloves)
MR       .....                  (no boots)
Stlth    ++........             (no amulet)
HPRegen  0.15/turn              (no ring)
MPRegen  0.13/turn              (no ring)

@: lethally poisoned (-1 -> -3), very slightly contaminated, hasted, very quick
A: high mp 1
a: no special abilities


You were on level 3 of the Dungeon.
You were hungry.

You visited 1 branch of the dungeon, and saw 4 of its levels.

You collected 78 gold pieces.

Inventory:

Hand Weapons
 b - a +0 dagger
 k - a +0 long sword (weapon)
Missiles
 h - 23 poisoned darts (quivered)
Armour
 a - a +1 robe (worn)
Jewellery
 g - a +2 ring of intelligence {unknown}
Scrolls
 i - a scroll of identify
 l - a scroll of amnesia
 n - a scroll of enchant weapon {unknown}
Comestibles
 c - 3 rations
 f - a chunk of flesh


   Skills:
 - Level 1.7 Dodging
 - Level 1.7 Stealth
 - Level 3.0 Spellcasting
 + Level 5.7 Conjurations
 * Level 2.6 Hexes


You had one spell level left.
You knew the following spells:

 Your Spells              Type           Power        Failure   Level  Hunger
a - Magic Dart            Conj           ####         1%          1    None
b - Searing Ray           Conj           ####..       1%          2    ##.....
c - Dazzling Flash        Conj/Hex       ###...       6%          3    ###....
d - Fulminant Prism       Conj/Hex       ###.......   21%         4    ####...

Your spell library contained the following spells:

 Spells                   Type           Power        Failure   Level  Hunger
 Iskenderun's Mystic Bla  Conj/Tloc      ###.....     34%         4    ####...


Dungeon Overview and Level Annotations

Branches:
Dungeon (4/15)
 Temple: D:4-7


Innate Abilities, Weirdness & Mutations

You have an increased reservoir of magic. (+10% MP)


Message History

The rat bites you but does no damage. The orc hits you with a +0 club.
* * * LOW HITPOINT WARNING * * *
The adder barely misses you.
You riposte.
You slash the adder!
You kill the adder!
The orc barely misses you.
You riposte.
You hit the orc.
The orc is heavily wounded.
The rat bites you.
* * * LOW HITPOINT WARNING * * *
The rat closely misses you. The orc closely misses you.
Things that are here:
a +0 dagger; an orc corpse You feel sick.
The hobgoblin hits you with a +0 club!
* * * LOW HITPOINT WARNING * * *
The rat misses you.
Things that are here:
a +0 dagger; a +0 robe It was a potion of haste.
You feel yourself speed up. The rat bites you but does no damage.
The hobgoblin closely misses you. The rat bites you.
You die...

.... ..... .....
#..#.. ......
...... ......
......
......###......
....#........
#....#..... #
#..@....?..
#...##.grro.####
.......>o.......
........###.####
......... .#
...#...#.. # ..
#### ..# # ..#
...


You could see 2 orcs, a hobgoblin and 2 rats.

Vanquished Creatures
  A scorpion (D:4)
  A centaur skeleton (D:4)
  A hound (D:4)
  5 orc wizards
  A worker ant (D:4)
  3 adders
  An adder skeleton (D:4)
  A worm (D:2)
  A leopard gecko (D:3)
  6 orcs
  9 bats
  3 giant cockroaches (D:1)
  5 goblins
  5 hobgoblins
  2 jackals (D:1)
  4 kobolds
  A quokka (D:4)
  A ball python (D:2)
  5 frilled lizards
  6 rats
62 creatures vanquished.

Vanquished Creatures (others)
  A fulminant prism (D:3)
1 creature vanquished.

Grand Total: 63 creatures vanquished

Notes
Turn   | Place    | Note
-------+----------+-------------------------------------------
     0 | D:1      | Folque011 the Demigod Conjurer began the quest for the Orb.
     0 | D:1      | Reached XP level 1. HP: 14/14 MP: 5/5
   249 | D:1      | Reached skill level 4 in Conjurations
   249 | D:1      | Reached XP level 2. HP: 11/20 MP: 7/7
   343 | D:1      | Upgraded the game from 0.25-a0-549-g6e6e6501ad to
                  | 0.25-a0-558-g78a2afb0af
   592 | D:1      | Learned a level 2 spell: Searing Ray
  1251 | D:2      | Reached XP level 3. HP: 26/26 MP: 6/9
  1477 | D:2      | You fall into a shaft and drop 2 floors!
  1484 | D:4      | Reached XP level 4. HP: 33/33 MP: 2/10
  1484 | D:4      | Reached skill level 5 in Conjurations
  1630 | D:4      | Reached XP level 5. HP: 38/38 MP: 8/12
  1635 | D:4      | Learned a level 3 spell: Dazzling Flash
  1640 | D:4      | Learned a level 4 spell: Fulminant Prism
  1646 | D:4      | Reached skill level 1 in Hexes
  1857 | D:4      | Reached XP level 6. HP: 41/45 MP: 10/13
  1892 | D:3      | HP: 1/45 [hobgoblin/+0 club (7)]
  1893 | D:3      | Slain by a rat

Levels and vault maps discovered:
D:1:      kilobyte_arrival_exit_the_forest, layout_loops_corners
D:2:      layout_loops_ring, nicolae_overflow_hidden_temple
D:3:      layout_basic, lemuel_round_altar, first_ration, uniq_natasha,
          uniq_jessica
D:4:      layout_basic, old_standard_altar, nicolae_overflow_crystal_walls,
          minmay_temple_entry_arrows, gammafunk_ghost_split,
          uniq_crazy_yiuf_cottage

Skill      XL: |  1  2  3  4  5 |
---------------+----------------+-----
Spellcasting   | 2 3 |  3.0
Conjurations   | 4 5 |  5.7
Hexes          | 2 |  2.6
Dodging        | |  1.7
Stealth        | |  1.7

Action                   |  1- 3 |  4- 6 || total
-------------------------+-------+-------++-------
Melee: Dagger            |    59 |       ||    59
       Long sword        |     1 |    19 ||    20
Throw: Dart              |       |     2 ||     2
 Cast: Magic Dart        |    21 |     2 ||    23
       Searing Ray       |    11 |     5 ||    16
       Dazzling Flash    |       |     3 ||     3
       Fulminant Prism   |       |     1 ||     1
  Use: Scroll            |     2 |     2 ||     4
       Potion            |       |     3 ||     3
 Stab: Sleeping          |     4 |       ||     4
       Invisible         |       |     1 ||     1
  Eat: Chunk             |     3 |     1 ||     4
Armor: Robe              |    21 |     6 ||    27
Dodge: Dodged            |    63 |    34 ||    97
       Rpst.: Long sword |     1 |    12 ||    13

Table legend:
 A = Non-vault XP
 B = Vault XP
 C = Vault XP percentage of total XP
 D = Non-vault monster count
 E = Vault monster count
 F = Vault count percentage of total count
                 A         B        C        D         E       F
            +---------+---------+-------+---------+---------+-------
      Total |     515 |       0 |   0.0 |      62 |       0 |   0.0
            +---------+---------+-------+---------+---------+-------
        D:1 |      44 |       0 |   0.0 |      28 |       0 |   0.0
        D:2 |      47 |       0 |   0.0 |      13 |       0 |   0.0
        D:3 |      63 |       0 |   0.0 |       6 |       0 |   0.0
        D:4 |     361 |       0 |   0.0 |      15 |       0 |   0.0
            +---------+---------+-------+---------+---------+-------
